Map: World of Sleepers LE

Players

Zeladd

  • Race: Terran Terran
  • Spawn Location: 7:00

Colin - Winner!

  • Race: Zerg Zerg
  • League: Bronze
  • Spawn Location: 1:00

VOD

Have the link to the VOD?

Description

Time

  • Played on: Aug. 23, 2019, 6:42 a.m.
  • Length: 24:33
Show
View Real Time Build Order
Export as new Build Order

Zeladd Terran 

Build Orders:  

Get SALT Encoding   

  12  0:07  SCV  
  13  0:34  Supply Depot  
  13  0:39  SCV  
  14  0:51  SCV  
  15  0:59  Supply Depot  
  15  1:22  SCV  
  16  1:33  Barracks  
  16  2:19  Refinery  
  16  2:31  Marine  
  17  2:46  SCV  
  18  2:58  SCV  
  19  3:12  Reaper  
  20  3:34  SCV  
  20  4:04  Bunker  
  20  4:22  Marine  
  21  4:40  Marine  
  22  4:58  Marine  
  22  5:16  Marine  
  23  6:00  Barracks Tech Lab  
  23  6:21  Marauder  
  25  6:37  Refinery  
  25  6:42  Marauder  
  27  7:04  Marauder  
  29  7:20  Supply Depot  
  29  7:25  Marauder  
  29  7:28  Supply Depot  
  31  7:46  Marauder  
  33  7:52  Supply Depot  
  33  7:57  Supply Depot  
  33  8:08  Marauder  
  35  8:29  Barracks, Marauder  
  37  8:50  Marauder  
  39  9:08  Factory  
  39  9:12  Marauder  
  41  9:21  Supply Depot  
  41  9:23  Barracks Reactor  
  41  10:02  Supply Depot  
  41  10:15  Widow Mine  
  43  10:22  Marine x2  
  45  10:36  Widow Mine  
  45  10:40  Marine x2  
  49  10:58  Marine x2, Widow Mine  
  53  11:16  Marine x2  
  55  11:19  Widow Mine  
  57  11:33  Marine  
  57  11:34  Marine  
  23  13:44  Factory Tech Lab  
  23  13:50  Marine  
  24  13:59  Marine  
  24  14:00  Marine  
  26  14:08  Marine  
  27  14:17  Marine x2  
  29  14:26  Marine  
  30  14:35  Marine x2, Siege Tank  
  35  14:44  Marine  
  36  14:53  Marine x2  
  38  15:02  Marine  
  42  15:07  Siege Tank  
  42  15:11  Marine x2  
  44  15:20  Marine  
  45  15:28  Marine  
  45  15:29  Marine  
  47  15:37  Marine  
  47  15:39  Siege Tank  
  51  16:01  Marine x2  
  51  16:04  Marine  
  53  16:11  Siege Tank  
  57  16:19  Marine x2  
  57  16:22  Marine  
  60  16:37  Marine x2  
  60  16:39  Marine  
  24  19:24  Ghost Academy  
  24  19:57  Starport  
  24  20:07  Personal Cloaking  
  24  20:29  Ghost  
  26  20:58  Ghost  
  27  21:26  Ghost  
  29  21:32  Nuke  
  29  21:48  Starport Reactor  
  29  21:55  Ghost  
  31  22:15  Enhanced Shockwaves  
  31  22:23  Ghost  
  33  22:43  Liberator  
  39  22:50  Liberator  
Show
View Real Time Build Order
Export as new Build Order

Colin Zerg - Winner!

Build Orders: Pool First 

Get SALT Encoding   

  12  0:11  Drone  
  12  0:12  Drone  
  14  0:33  Spawning Pool  
  14  0:34  Evolution Chamber  
  12  0:38  Drone  
  12  0:41  Drone  
  14  0:59  Overlord  
  14  1:01  Overlord  
  14  1:10  Extractor  
  13  1:12  Drone  
  14  1:31  Zergling x4  
  16  1:44  Queen  
  16  1:46  Zergling x4  
  20  1:55  Drone  
  21  2:08  Drone  
  22  2:16  Drone  
  22  2:20  Queen  
  25  2:28  Drone  
  26  2:40  Spore Crawler, Drone  
  26  2:49  Extractor, Drone  
  26  3:04  Spine Crawler  
  25  3:11  Lair  
  25  3:17  Drone  
  25  3:18  Zergling x4  
  28  3:29  Drone  
  29  3:38  Metabolic Boost  
  30  3:41  Drone  
  30  3:54  Overlord  
  30  3:55  Overlord  
  30  4:06  Spore Crawler  
  29  4:17  Drone  
  29  4:18  Zergling x4  
  32  4:24  Burrow  
  32  4:28  Drone x3  
  35  4:41  Roach Warren  
  33  5:15  Spine Crawler  
  32  5:23  Drone x3  
  32  5:24  Drone x2  
  37  5:57  Infestation Pit  
  37  6:02  Hydralisk Den  
  35  6:06  Spire  
  34  6:14  Hatchery  
  33  6:23  Spore Crawler  
  32  6:28  Roach x5  
  42  6:56  Drone x2  
  45  7:01  Drone  
  45  7:17  Lurker Den  
  44  7:30  Drone  
  44  7:31  Spine Crawler  
  44  7:38  Hive  
  44  7:52  Extractor  
  44  7:54  Drone x2  
  44  7:55  Spore Crawler  
  44  8:04  Mutalisk x3  
  50  8:16  Overlord  
  50  8:17  Overlord  
  50  8:18  Drone  
  50  8:19  Drone  
  52  8:26  Extractor  
  51  8:40  Mutalisk x3  
  57  8:49  Drone x3  
  57  8:53  Pneumatized Carapace  
  60  9:06  Corruptor  
  62  9:20  Overlord  
  62  9:22  Overlord  
  62  9:34  Mutalisk x3  
  68  9:44  Glial Reconstitution  
  68  10:01  Drone x3  
  68  10:04  Greater Spire  
  71  10:15  Drone x3  
  71  10:16  Infestor  
  76  10:31  Hydralisk x3  
  82  10:44  Spore Crawler  
  81  10:50  Spine Crawler  
  81  10:55  Drone x2  
  82  11:14  Spore Crawler  
  81  11:20  Spore Crawler, Corruptor x2  
  84  11:36  Overlord  
  84  11:39  Overlord  
  84  11:54  Overseer  
  84  11:59  Brood Lord  
  86  12:03  Brood Lord  
  88  12:10  Drone x3  
  88  12:15  Drone  
  92  12:21  Lurker  
  93  12:26  Lurker  
  94  12:50  Mutalisk x2  
  94  12:51  Mutalisk  
  95  13:39  Mutalisk  
  95  13:40  Mutalisk  
  99  13:53  Overlord x2  
  99  14:27  Mutalisk x2  
  99  14:28  Mutalisk x4  
  111  14:31  Overseer  
  111  14:42  Infestor x2  
  115  14:46  Neural Parasite  
  115  15:09  Overseer  
  115  15:14  Overlord  
  115  15:15  Overlord  
  115  15:16  Overlord  
  115  15:25  Drone  
  116  16:05  Mutalisk, Pathogen Glands, Drone x2  
  116  16:06  Mutalisk x3  
  126  16:27  Nydus Network  
  125  16:33  Ultralisk Cavern  
  124  16:47  Brood Lord  
  126  17:30  Mutalisk  
  126  17:31  Mutalisk x2  
  132  18:09  Overseer  
  132  18:13  Mutalisk x3  
  138  18:26  Hatchery  
  111  19:08  Corruptor x3  
  117  19:19  Extractor  
  116  19:27  Extractor  
  115  20:01  Mutalisk x5  
  125  20:11  Spore Crawler  
  124  20:17  Spore Crawler  
  123  20:25  Spine Crawler  
  122  21:18  Hydralisk  
  122  21:19  Hydralisk x2  
  122  21:24  Tunneling Claws  
  128  21:28  Grooved Spines  
  128  21:33  Mutalisk x3  
  134  22:35  Corruptor x3  
  140  22:40  Muscular Augments  
Tags
 
Add a new tag
Caveats
  • Supply blocks, unpowered buildings, or Contaminate may cause inaccurate times.
  • Supply counts are checked every 10 seconds.